 Dungeon Crawl Stone Soup version 0.22.0-38-g04b72b8c25 (webtiles) character file.

18 spiegeleixxl the Caller (level 2, 0/15 HPs)
             Began as a Deep Elf Summoner on Aug 25, 2018.
             Succumbed to an adder's poison
             ... on level 2 of the Dungeon.
             The game lasted 00:03:54 (1048 turns).

spiegeleixxl the Caller (Deep Elf Summoner)         Turns: 1048, Time: 00:03:55

Health: 0/15       AC:  2    Str:  5    XL:     2   Next: 48%
Magic:  7/8        EV: 13    Int: 19    God:
Gold:   134        SH:  0    Dex: 15    Spells: 6/7 levels left

rFire    + . .     SeeInvis .   i - +0 club
rCold    x . .     Gourm    .   (no shield)
rNeg     . . .     Faith    .   a - +0 robe
rPois    .         Spirit   .   (no helmet)
rElec    .         Reflect  .   (no cloak)
rCorr    .         Harm     .   (no gloves)
MR       .....                  (no boots)
Stlth    ++........             (no amulet)
HPRegen  0.05/turn              g - ring of fire
MPRegen  0.11/turn              (no ring)

@: lethally poisoned (0 -> -13)
A: no striking features
a: no special abilities


You were on level 2 of the Dungeon.
You were not hungry.

You visited 1 branch of the dungeon, and saw 2 of its levels.

You collected 134 gold pieces.

Inventory:

Hand Weapons
 i - a +0 club (weapon)
Armour
 a - a +0 robe (worn)
Jewellery
 g - a ring of fire (left hand)
Scrolls
 b - 4 scrolls of remove curse
 d - 2 scrolls of identify
 e - a scroll of teleportation
 h - a scroll of enchant weapon {unknown}
Potions
 f - 3 potions of heal wounds {unknown}
Comestibles
 c - 6 rations


   Skills:
 + Level 2.4 Dodging
 + Level 2.5 Stealth
 + Level 3.3 Spellcasting
 + Level 4.9 Summonings


You had 6 spell levels left.
You knew the following spells:

 Your Spells              Type           Power        Failure   Level  Hunger
a - Summon Small Mammal   Summ           ###.         1%          1    None

Your spell library contained the following spells:

 Spells                   Type           Power        Failure   Level  Hunger
 Call Imp                 Summ           ###.....     3%          2    ##.....
 Call Canine Familiar     Summ           ###.....     6%          3    ###....
 Summon Guardian Golem    Hex/Summ       ##......     16%         3    ###....
 Summon Ice Beast         Ice/Summ       ##......     47%         4    ####...
 Summon Lightning Spire   Summ/Air       ##......     47%         4    ####...


Dungeon Overview and Level Annotations

Branches:
Dungeon (2/15)

Altars:
Ashenzari
Makhleb


Message History

Casting: Summon Small Mammal (safe; 1% risk of failure)
Confirm with . or Enter, or press ? or * to list all spells.
Your rat closely misses the adder.
Your rat closely misses the adder.
You hit the adder.
The adder is heavily wounded.
The adder bites you.
Your rat misses the adder. x2
You barely miss the adder.
The adder is heavily wounded.
The adder bites you.
You are lethally poisoned!
The adder poisons you!
Your rat bites the adder.
The adder bites you.
* * * LOW HITPOINT WARNING * * *
You are more poisoned.
The adder poisons you!
Your rat bites the adder.
* * * LOW HITPOINT WARNING * * *
You feel sick. The adder closely misses your rat.
Your rat completely misses the adder.
Your rat closely misses the adder.
Unknown command.
You die...

.#
..###...............#.#.#####.
..# ######....#.......#.#####.
#.# #....#.#######.....†. #.#
#....#.# #.....#### #.#
#...rr.# #.#.#.#### #.#
#...S#.# # #..<....
#.########......# ###.####
####.......##.#....### ...#
.....#####.##...@....# #####
####.##............#.######
#.##.........>..#.##...#
#.##.##.#.#.##.......#.#
#....[..#.#.##.##.##...#
####.#.##.#.......#.####
#......##...###.###_##
###.#####.####.###...##
####.#####.#####.#.....#


You could see an adder and 2 friendly rats.

Vanquished Creatures
  A dart slug (D:1)
  A goblin (D:1)
  2 hobgoblins (D:2)
  A bat (D:2)
  2 rats (D:1)
7 creatures vanquished.

Vanquished Creatures (collateral kills)
  An ooze (D:1)
  A dart slug (D:1)
  3 goblins
  2 hobgoblins (D:1)
  3 jackals (D:2)
  2 rats
12 creatures vanquished.

Grand Total: 19 creatures vanquished

Notes
Turn   | Place    | Note
-------+----------+-------------------------------------------
     0 | D:1      | spiegeleixxl the Deep Elf Summoner began the quest for the Orb.
     0 | D:1      | Reached XP level 1. HP: 10/10 MP: 6/6
   281 | D:1      | Reached XP level 2. HP: 14/15 MP: 6/8
   802 | D:2      | Found a shattered altar of Ashenzari.
   962 | D:2      | Found a burning altar of Makhleb.
  1048 | D:2      | Succumbed to an adder's poison

Action                   || total
-------------------------++-------
Melee: Unarmed           ||    32
       Club              ||     7
 Cast: Summon Small Mamm ||    29
  Use: Scroll            ||     4
       Potion            ||     1
 Stab: Sleeping          ||     3
Armor: Robe              ||     5
Dodge: Dodged            ||    19
